 Dungeon Crawl Stone Soup version 0.18-a0-1123-gbd92598 (webtiles) character file.

42908 namelastname112 the Lord of Darkness (level 13, 0/114 HPs)
             Began as a White Draconian Necromancer on Jan 17, 2016.
             Was the Champion of Kikubaaqudgha.
             Hit by a large rock thrown by a stone giant (21 damage)
             ... on level 1 of the Orcish Mines on Jan 19, 2016.
             The game lasted 01:12:06 (23502 turns).

namelastname112 the Lord of Darkness (DrNe)        Turns: 23502, Time: 01:12:07

Health: 0/114      AC: 11    Str: 12    XL:     13   Next: 88%
Magic:  3/26       EV: 20    Int: 20    God:    Kikubaaqudgha [******]
Gold:   1021       SH:  0    Dex: 11    Spells: 8 memorised, 6 levels left

rFire  + + .     SeeInvis .     H - +2 dagger (drain)
rCold  + . .     Gourm    .     (armour unavailable)
rNeg   + + +     Faith    .     (no shield)
rPois  .         Spirit   .     (helmet restricted)
rElec  .         Dismiss  .     P - +0 cloak
rCorr  +         Reflect  .     (no gloves)
SustAt .         Harm     .     E - +1 pair of boots
MR     ++...                    (no amulet)
Stlth  ++........               c - ring "Umma Hopn" {rCorr rF+ rN+++ MR++ Slay-2}
                                l - +4 ring of evasion

@: very resistant to hostile enchantments, unstealthy
A: breathe frost, unfitting armour, blink, cold resistance 1, fire resistance 1,
mutation resistance 1, sense surroundings 1, screaming 1, cold-blooded, AC +8
a: Breathe Frost, Blink, Receive Corpses, Torment, Renounce Religion


You were on level 1 of the Orcish Mines.
You worshipped Kikubaaqudgha.
Kikubaaqudgha was exalted by your worship.
You were not hungry.

You visited 3 branches of the dungeon, and saw 20 of its levels.

You collected 1180 gold pieces.
You spent 159 gold pieces at shops.

Inventory:

Hand Weapons
 H - a +2 dagger of draining (weapon)
Armour
 E - a +1 pair of boots (worn)
 P - a +0 cloak (worn)
Magical Staves
 v - an uncursed staff of wizardry
 S - an uncursed staff of energy
Rods
 D - a +4 iron rod (12/12)
   (You found it on level 8 of the Lair of Beasts)
Jewellery
 c - the ring "Umma Hopn" (right hand) {rCorr rF+ rN+++ MR++ Slay-2}
   (You bought it in a shop on level 6 of the Dungeon)

   [ring of resist corrosion]

   It affects your accuracy and damage with ranged weapons and melee attacks
   (-2).
   It protects you from fire.
   It renders you almost immune to negative energy.
   It affects your resistance to hostile enchantments.
 l - a +4 ring of evasion (left hand)
 U - an uncursed ring of protection from cold
Wands
 O - a wand of teleportation (0/9)
 W - a wand of teleportation (0/9)
Scrolls
 i - 4 scrolls of recharging
 n - 10 scrolls of remove curse
 t - 2 scrolls of holy word
 w - 2 scrolls of magic mapping
 A - a scroll of enchant armour
 Q - 2 scrolls of enchant weapon
 Y - a scroll of amnesia
 Z - a scroll of fog
Potions
 d - 3 potions of brilliance
 e - 3 potions of curing
 f - 9 potions of haste
 g - 2 potions of berserk rage
 j - 2 potions of lignification {unknown}
 o - a potion of invisibility
 p - 4 potions of might
 r - a potion of cancellation
 u - 2 potions of ambrosia
 x - 3 potions of heal wounds
 z - a potion of magic {unknown}
 B - a potion of agility
 C - 4 potions of cure mutation
 M - a potion of resistance
Books
 a - a book of Necromancy

   Spells                             Type                      Level
   a - Pain                           Necromancy                   1
   b - Animate Skeleton               Necromancy                   1
   c - Vampiric Draining              Necromancy                   3
   d - Regeneration                   Charms/Necromancy            3
   e - Animate Dead                   Necromancy                   4
   f - Control Undead                 Necromancy                   4
 k - a book of Minor Magic

   Spells                             Type                      Level
   a - Magic Dart                     Conjuration                  1
   b - Blink                          Translocation                2
   c - Call Imp                       Summoning                    2
   d - Repel Missiles                 Charms/Air                   2
   e - Slow                           Hexes                        2
   f - Conjure Flame                  Conjuration/Fire             3
   g - Mephitic Cloud                 Conjuration/Poison/Air       3
 q - Kikubaaqudgha's Volume of Black Rituals
   (Kikubaaqudgha gifted it to you on level 3 of the Dungeon)

   Spells                             Type                      Level
   a - Pain                           Necromancy                   1
   b - Corpse Rot                     Necromancy                   2
   c - Sublimation of Blood           Necromancy                   2
   d - Regeneration                   Charms/Necromancy            3
   e - Control Undead                 Necromancy                   4
 y - a Grand Grimoire

   Spells                             Type                      Level
   a - Monstrous Menagerie            Summoning                    7
   b - Summon Greater Demon           Summoning                    7
   c - Malign Gateway                 Summoning/Translocation      7
   d - Summon Horrible Things         Summoning                    8
 F - a Necronomicon

   Spells                             Type                      Level
   a - Haunt                          Necromancy/Summoning         7
   b - Borgnjor's Revivification      Necromancy                   8
   c - Death's Door                   Charms/Necromancy            8
   d - Necromutation                  Transmutation/Necromancy     8
 I - an Akashic Record

   Spells                             Type                      Level
   a - Dispersal                      Translocation                6
   b - Malign Gateway                 Summoning/Translocation      7
   c - Disjunction                    Translocation                8
   d - Controlled Blink               Translocation                8
 J - Kikubaaqudgha's Catalogue of Dark Secrets
   (Kikubaaqudgha gifted it to you on level 8 of the Dungeon)

   Spells                             Type                      Level
   a - Animate Dead                   Necromancy                   4
   b - Excruciating Wounds            Charms/Necromancy            5
   c - Agony                          Necromancy                   5
   d - Dispel Undead                  Necromancy                   5
   e - Simulacrum                     Ice/Necromancy               6
 K - a Fen Folio

   Spells                             Type                      Level
   a - Corpse Rot                     Necromancy                   2
   b - Stone Arrow                    Conjuration/Earth            3
   c - Leda's Liquefaction            Hexes/Earth                  4
   d - Summon Forest                  Summoning/Translocation      5
   e - Hydra Form                     Transmutation                6
   f - Summon Hydra                   Summoning                    7
Miscellaneous
 s - a lamp of fire
 R - a phial of floods
 T - a phial of floods
 V - a phantom mirror
Comestibles
 b - 12 bread rations
 h - 8 meat rations
 G - 4 beef jerkies
 N - 12 fruits


   Skills:
 + Level 10.6 Fighting
 - Level 8.6 Staves
 + Level 9.4 Dodging
 - Level 1.7 Stealth
 + Level 9.6 Spellcasting
 * Level 14.0 Necromancy
 - Level 7.5 Ice Magic


You had 6 spell levels left.
You knew the following spells:

 Your Spells              Type           Power        Failure   Level  Hunger
a - Animate Skeleton      Necr           N/A          1%          1    None
b - Dispel Undead         Necr           ######..     1%          5    #####..
c - Simulacrum            Ice/Necr       ######....   14%         6    ######.
d - Regeneration          Chrm/Necr      #####.....   1%          3    None
f - Animate Dead          Necr           N/A          1%          4    ##.....
s - Vampiric Draining     Necr           ######....   1%          3    None
v - Sublimation of Blood  Necr           ######....   1%          2    None
z - Pain                  Necr           ####         1%          1    None


Dungeon Overview and Level Annotations

Branches:
Dungeon (11/15)            Temple (0/1) D:6            Lair (8/8) D:10
  Swamp (0/4) Lair:6       Spider (0/4) Lair:3        Slime (0/6) Lair:6
    Orc (1/2) D:10

Altars:
Dithmenos
Kikubaaqudgha
Nemelex Xobeh
Okawaru
Pakellas
Vehumet
Xom

Shops:
D:6 *   D:10 }

Portals:
Ice
Cave: Orc:1

Annotations:
Lair:4 exclusion: oklob plant


Innate Abilities, Weirdness & Mutations

You can breathe waves of freezing cold.
You can buffet flying creatures when you breathe cold.
Your icy white scales are hard (AC +8).
Your body does not fit into most forms of armour.
Your flesh is cold resistant.
You are cold-blooded and may be slowed by cold attacks.
You can translocate small distances at will.
Your flesh is heat resistant.
You are somewhat resistant to further mutation.
You passively map a small area around you.
You occasionally shout uncontrollably at your foes.


Message History

Aiming: Vampiric Draining
Press: ? - help, Shift-Dir - straight line, f - orc priest
Aim: an orc priest, wielding a hand axe and wearing a ring mail The orc priest is severely wounded.
You feel life coursing into your body.
Casting: Vampiric Draining
Confirm with . or Enter, or press ? or * to list all spells.
You don't have enough magic to cast that spell.
Unknown command.
You hit the orc priest.
You kill the orc priest!
Kikubaaqudgha accepts your kill.
Casting: Vampiric Draining
Confirm with . or Enter, or press ? or * to list all spells.
You don't have enough magic to cast that spell.
Found a stone staircase leading down.
You found a teleport trap!
The stone giant throws a large rock.
The large rock hits you!!
You die...
Kikubaaqudgha rasps: "You have failed me!
Welcome... death!"

##.......,,,,,**
*#<........$..#*
#.............##
##.............##
***#.........>....##
**,,......$.#.......##
*,,,........##.^.....#
*,,,..#......#......#*
***,####........@....#
,**,*,**#.#....#....##
,,,,,,,*#.#.......###
,,,,,,**.........#####
,,,,,,,*#.#........#.##
,,,,,,****##..#.......#
,,,,*** ##...##...#.##
,,,,*,*#*#.....##C#...#
,,,,,,.#.##$...oo###.##


You could see a stone giant.

Vanquished Creatures
  2 death yaks (Lair:5)
  Pikel (D:9)
  A griffon (Lair:8)
  An ugly thing (D:9)
  7 elephants
  9 spiny frogs
  6 komodo dragons
  A troll (D:10)
  A polar bear (Lair:7)
  A fire drake (Lair:3)
  13 blink frogs
  A two-headed ogre (D:9)
  A shadow (D:9)
  Sigmund (D:4)
  A tarantella (Lair:3)
  A wyvern (Lair:6)
  27 yaks
  A basilisk (Lair:1)
  A vampire mosquito (Lair:8)
  3 hippogriffs
  Edmund (D:4)
  23 wolves
  7 water moccasins
  6 porcupines
  3 slaves (D:9)
  An orc warrior (Orc:1)
  A sky beast (D:10)
  A necrophage (D:10)
  A centaur (D:7)
  3 ice beasts
  5 ogres
  8 crocodiles
  11 giant frogs
  Dowan (D:4)
  A wyvern skeleton (D:8)
  4 scorpions
  5 killer bees (D:10)
  4 wights
  2 crimson imps
  2 centaur zombies
  The ghost of crawlian the Magician, a weakling DEWz of Vehumet (D:5)
  8 jellies
  2 giant frog zombies
  5 orc priests
  2 centaur skeletons
  A giant frog skeleton (D:4)
  10 hounds
  7 iguanas
  6 orc wizards
  9 worker ants
  12 sheep
  A hound zombie (D:5)
  A hound skeleton (D:4)
  Robin (D:3)
  7 adders
  12 gnolls
  36 river rats
  4 shadow imps
  3 adder zombies
  2 worms (D:2)
  7 giant geckos
  15 orcs
  8 giant cockroaches
  14 goblins
  10 hobgoblins
  9 jackals
  8 quokkas
  2 ball pythons
  9 bats
  A giant cockroach zombie (D:5)
  A giant gecko skeleton (D:5)
  2 giant newts
  16 kobolds
  2 quokka zombies
  14 rats
  A fungus (D:10)
419 creatures vanquished.

Vanquished Creatures (collateral kills)
  Rupert (Lair:4)
  A catoblepas (Lair:5)
  6 hydras
  8 death yaks (Lair:8)
  13 elephants
  2 black mambas (Lair:8)
  2 torpor snails
  11 spiny frogs
  5 komodo dragons
  2 giant leeches (Lair:6)
  12 blink frogs
  A wraith (D:10)
  11 yaks
  A basilisk (Lair:4)
  6 hippogriffs
  8 vampire mosquitoes (Lair:8)
  3 wolves
  5 water moccasins
  Duvessa (D:4)
  4 porcupines
  An ice beast (D:10)
  A slave (D:9)
  4 crocodiles
  12 giant frogs
  2 electric eels (Lair:8)
  A jelly (Lair:6)
  4 iguanas
  7 sheep (Lair:8)
  A gnoll (D:9)
  41 river rats
  3 oozes (Lair:6)
  An adder skeleton (D:8)
  A bat (D:10)
  A goblin (D:3)
  17 fungi
  6 plants
206 creatures vanquished.

Vanquished Creatures (others)
  A crocodile (Lair:6)
  58 fungi
  41 plants
100 creatures vanquished.

Grand Total: 725 creatures vanquished

Notes
Turn   | Place    | Note
--------------------------------------------------------------
     0 | D:1      | namelastname112 the Draconian Necromancer began the quest for the Orb.
     0 | D:1      | Reached XP level 1. HP: 14/14 MP: 3/3
    37 | D:1      | Learned a level 1 spell: Animate Skeleton
   423 | D:1      | Reached XP level 2. HP: 15/20 MP: 1/5
  1150 | D:2      | Reached XP level 3. HP: 16/26 MP: 0/7
  1762 | D:2      | Reached XP level 4. HP: 24/33 MP: 0/8
  1994 | D:3      | Found an ancient bone altar of Kikubaaqudgha.
  2003 | D:3      | Became a worshipper of Kikubaaqudgha
  2346 | D:3      | Reached skill level 5 in Necromancy
  2542 | D:3      | Found a shimmering altar of Xom.
  2764 | D:3      | Reached * piety under Kikubaaqudgha
  2764 | D:3      | Received a gift from Kikubaaqudgha
  2764 | D:3      | Reached XP level 5. HP: 34/38 MP: 5/10
  2767 | D:3      | Identified Kikubaaqudgha's Volume of Black Rituals (Kikubaaqudgha gifted it to you on level 3 of the Dungeon)
  2771 | D:3      | Learned a level 2 spell: Sublimation of Blood
  2775 | D:3      | Learned a level 3 spell: Vampiric Draining
  2779 | D:3      | Learned a level 3 spell: Regeneration
  2894 | D:3      | Found a radiant altar of Vehumet.
  2894 | D:3      | Found a sparkling altar of Nemelex Xobeh.
  3056 | D:4      | Noticed Robin
  3385 | D:3      | Killed Robin
  3637 | D:4      | Found an oddly glowing altar of Pakellas.
  3637 | D:4      | Noticed Dowan
  3638 | D:4      | Noticed Duvessa
  3677 | D:4      | Reached XP level 6. HP: 33/46 MP: 3/11
  3853 | D:4      | Reached skill level 6 in Necromancy
  3880 | D:4      | Noticed Edmund
  3890 | D:4      | Killed Duvessa
  3890 | D:4      | Reached skill level 1 in Fighting
  4103 | D:4      | Noticed Sigmund
  4108 | D:4      | Killed Sigmund
  4108 | D:4      | Reached XP level 7. HP: 30/55 MP: 6/13
  4108 | D:4      | Your scales start taking on an icy white colour.
  4108 | D:4      | Gained mutation: Your flesh is cold resistant. [White Draconian growth]
  4256 | D:4      | Reached ** piety under Kikubaaqudgha
  4332 | D:4      | Killed Dowan
  4594 | D:4      | Killed Edmund
  4594 | D:4      | Reached skill level 7 in Necromancy
  4646 | D:5      | Entered Level 5 of the Dungeon
  4818 | D:5      | Noticed crawlian's ghost (weakling DEWz)
  4864 | D:5      | Killed crawlian's ghost
  4939 | D:5      | Learned a level 4 spell: Animate Dead
  5063 | D:5      | Reached XP level 8. HP: 58/63 MP: 8/15
  5538 | D:5      | Reached skill level 5 in Spellcasting
  5657 | D:6      | Found Zomaid's Assorted Antiques.
  5665 | D:6      | Bought a transparent wooden ring for 135 gold pieces
  5665 | D:6      | Bought a black potion for 24 gold pieces
  5666 | D:6      | Identified the ring "Umma Hopn" {rCorr rF+ rN+++ MR++ Slay-2} (You bought it in a shop on level 6 of the Dungeon)
  5780 | D:6      | Found a staircase to the Ecumenical Temple.
  5902 | D:6      | Reached skill level 8 in Necromancy
  6525 | D:7      | Reached skill level 1 in Staves
  6603 | D:7      | Found an iron altar of Okawaru.
  6816 | D:7      | HP: 2/66 [something (5)]
  7427 | D:8      | Reached XP level 9. HP: 59/72 MP: 11/17
  7490 | D:8      | Reached *** piety under Kikubaaqudgha
  7490 | D:8      | Received a gift from Kikubaaqudgha
  7512 | D:8      | Identified Kikubaaqudgha's Catalogue of Dark Secrets (Kikubaaqudgha gifted it to you on level 8 of the Dungeon)
  7529 | D:8      | Learned a level 5 spell: Dispel Undead
  8143 | D:9      | Found an ancient bone altar of Kikubaaqudgha.
  8147 | D:9      | Reached skill level 5 in Fighting
  8206 | D:9      | Reached skill level 9 in Necromancy
  8601 | D:9      | Noticed Pikel
  8618 | D:9      | Killed Pikel
  8788 | D:9      | Noticed a red ugly thing
  8828 | D:9      | Killed a red ugly thing
  8828 | D:9      | Reached skill level 5 in Staves
  8828 | D:9      | Reached skill level 5 in Dodging
  9101 | D:9      | Reached XP level 10. HP: 74/82 MP: 12/19
  9338 | D:9      | Found a shadowy altar of Dithmenos.
  9446 | D:9      | Got a scorched hand axe
  9447 | D:9      | Identified the +4 hand axe of Bile {elec, Str+4 Stlth+} (You found it on level 9 of the Dungeon)
  9500 | D:10     | Entered Level 10 of the Dungeon
  9722 | D:10     | Reached skill level 10 in Necromancy
  9777 | D:10     | Found a staircase to the Orcish Mines.
  9926 | D:10     | Found Ypuidd's Gadget Boutique.
 10099 | D:10     | Found a staircase to the Lair.
 10432 | D:10     | Reached **** piety under Kikubaaqudgha
 10875 | D:11     | Noticed a cyclops
 10962 | Lair:1   | Entered Level 1 of the Lair of Beasts
 10965 | Lair:1   | Noticed a spiny frog
 11228 | Lair:1   | Killed a spiny frog
 11288 | Lair:1   | Noticed a spiny frog
 11521 | Lair:1   | Killed a spiny frog
 11833 | Lair:1   | Reached XP level 11. HP: 44/89 MP: 18/21
 12123 | Lair:1   | Reached skill level 11 in Necromancy
 14003 | Lair:2   | Learned a level 6 spell: Simulacrum
 14041 | Lair:2   | Reached skill level 1 in Ice Magic
 14791 | Lair:3   | Reached ***** piety under Kikubaaqudgha
 14849 | Lair:3   | Reached XP level 12. HP: 44/102 MP: 3/23
 15651 | Lair:3   | Found a hole to the Spider Nest.
 15889 | Lair:4   | Noticed Rupert
 15905 | Lair:4   | Killed Rupert
 15905 | Lair:4   | Reached skill level 12 in Necromancy
 16084 | Lair:4   | Gained mutation: You passively map a small area around you. [potion of mutation]
 16084 | Lair:4   | Gained mutation: Your flesh is heat resistant. [potion of mutation]
 16085 | Lair:4   | Gained mutation: You can translocate small distances at will. [potion of mutation]
 16085 | Lair:4   | Gained mutation: You occasionally shout uncontrollably at your foes. [potion of mutation]
 16993 | Lair:4   | Reached skill level 5 in Ice Magic
 17699 | Lair:5   | Noticed a catoblepas
 17722 | Lair:5   | Killed a catoblepas
 17737 | Lair:5   | Noticed a five-headed hydra
 17751 | Lair:5   | Killed a five-headed hydra
 17976 | Lair:5   | Noticed a death yak
 17981 | Lair:5   | Noticed a death yak
 18011 | Lair:5   | Killed a death yak
 18367 | Lair:5   | Killed a death yak
 18670 | Lair:6   | Found a staircase to the Swamp.
 18857 | Lair:6   | Found a staircase to the Slime Pits.
 19507 | Lair:6   | Noticed a six-headed hydra
 19531 | Lair:6   | Killed a six-headed hydra
 19816 | Lair:7   | Reached XP level 13. HP: 78/111 MP: 17/25
 19909 | Lair:7   | Gained mutation: You are somewhat resistant to further mutation. [potion of beneficial mutation]
 20948 | Lair:8   | Entered Level 8 of the Lair of Beasts
 20982 | Lair:8   | Reached skill level 13 in Necromancy
 21430 | Lair:8   | HP: 3/113 [poisoned by a spiny frog]
 21505 | Lair:8   | Reached skill level 10 in Fighting
 21590 | Lair:8   | HP: 4/113 [death yak (23)]
 22438 | Lair:8   | Reached ****** piety under Kikubaaqudgha
 22463 | Lair:8   | Received a gift from Kikubaaqudgha
 23190 | Lair:6   | Upgraded the game from 0.18-a0-1120-g03bd624 to 0.18-a0-1123-gbd92598
 23379 | Orc:1    | Entered Level 1 of the Orcish Mines
 23417 | Orc:1    | Found a frozen archway.
 23435 | Orc:1    | Reached skill level 14 in Necromancy
 23483 | Orc:1    | Noticed a stone giant
 23502 | Orc:1    | Hit by a large rock thrown by a stone giant

Vault maps used:
D:1:      nicolae_arrival_washed_ashore
D:3:      xom_butterflies, lemuel_crystal_altar,
          gammafunk_temple_overflow_statue, minmay_goblin_kobold_house
D:4:      lemuel_round_altar, first_bread, uniq_edmund, uniq_sigmund,
          uniq_duvessa, uniq_robin
D:6:      minmay_temple_entry_purple_smoke, serial_shops, shop,
          lemuel_flamethrower_2
D:7:      okawaru_altar_gauntlet_db, kennysheep_generic_room_12
D:9:      basic_altar, grunt_dithmenos_shadows, uniq_pikel
D:10:     due_lair_maze_entry_diamond, orc_0_dummy, serial_shops,
          nicolae_shop_behind_doors
D:11:     hangedman_cross_stitches, hangedman_stone_soup, nicolae_elemental_shop
Lair:3:   spider_nest_entry_rubble
Lair:4:   lemuel_oklob_altar, serial_bayou_shore_b, uniq_rupert
Lair:5:   grunt_megastairs_2
Lair:6:   minmay_swamp_entry_worms, nicolae_slime_entry_slimehenge,
          patterned_corridor
Lair:7:   lemuel_fruit_tree
Lair:8:   minmay_lair_end_frog_pond
Orc:1:    portal_ice_cave_entry_animals_and_master

Action                   |  1- 3 |  4- 6 |  7- 9 | 10-12 | 13-15 || total
-------------------------+-------+-------+-------+-------+-------++-------
Melee: Unarmed           |    28 |       |       |       |       ||    28
       Dagger            |    15 |    62 |   341 |   670 |   376 ||  1464
       Staff             |       |       |     6 |   114 |       ||   120
       Hand axe          |       |       |       |   142 |       ||   142
 Cast: Pain              |    72 |   125 |   240 |   297 |     8 ||   742
       Animate Skeleton  |     6 |    10 |    24 |    62 |    40 ||   142
       Vampiric Draining |       |       |    18 |   196 |    85 ||   299
       Dispel Undead     |       |       |     7 |     5 |     2 ||    14
       Regeneration      |       |       |       |    24 |    22 ||    46
       Animate Dead      |       |       |       |    15 |     5 ||    20
       Sublimation of Bl |       |       |       |    14 |    29 ||    43
       Simulacrum        |       |       |       |     2 |    26 ||    28
Invok: Receive Corpses   |       |       |       |    14 |     4 ||    18
       Receive Necronomi |       |       |       |       |     1 ||     1
 Abil: Breathe Frost     |       |       |    13 |    15 |     1 ||    29
Evoke: Wand              |       |       |     1 |     5 |     3 ||     9
       Lamp of fire      |       |       |       |     1 |       ||     1
       Phial of floods   |       |       |       |     1 |       ||     1
  Use: Scroll            |       |       |    19 |    10 |     8 ||    37
       Potion            |       |       |     4 |     5 |     3 ||    12
 Stab: Sleeping          |       |       |     1 |     1 |     1 ||     3
       Distracted        |       |       |     2 |     4 |     1 ||     7
       Paralysed         |       |       |       |    11 |       ||    11
  Eat: Chunk             |     3 |     7 |    20 |    38 |    21 ||    89
       Pizza             |       |       |     1 |     1 |     1 ||     3
       Meat ration       |       |       |       |     1 |     1 ||     2
       Beef jerky        |       |       |       |       |     1 ||     1
